 Dungeon Crawl Stone Soup version 0.22-a0-247-gbddf880 (webtiles) character file.

89 wolfsongas the Ducker (level 4, 0/38 HPs)
             Began as a Gnoll Wanderer on Feb 23, 2018.
             Succumbed to Infrared's ghost's sting
             ... on level 3 of the Dungeon.
             The game lasted 00:03:45 (2210 turns).

wolfsongas the Ducker (Gnoll Wanderer)              Turns: 2210, Time: 00:03:46

Health: 0/38       AC:  8    Str: 17    XL:     4   Next: 55%
Magic:  5/5        EV:  8    Int: 17    God:
Gold:   148        SH:  0    Dex: 13    Spells: 5/5 levels left

rFire    . . .     SeeInvis .   m - +1 falchion (holy)
rCold    . . .     Gourm    .   (no shield)
rNeg     . . .     Faith    .   f - +0 chain mail
rPois    .         Spirit   .   (no helmet)
rElec    .         Reflect  .   (no cloak)
rCorr    .         Harm     .   (no gloves)
MR       .....                  (no boots)
Stlth    ..........             (no amulet)
HPRegen  0.12/turn              e - +3 ring of strength
MPRegen  0.09/turn              k - ring of wizardry

@: lethally poisoned (0 -> -10)
A: distributed training, fangs 1, strong nose
a: no special abilities


You were on level 3 of the Dungeon.
You were not hungry.

You visited 1 branch of the dungeon, and saw 4 of its levels.

You collected 148 gold pieces.

Inventory:

Hand Weapons
 g - a +3 dagger of venom
 m - a +1 falchion of holy wrath (weapon)
Armour
 f - a +0 chain mail (worn)
Jewellery
 e - a +3 ring of strength (left hand)
 k - a ring of wizardry (right hand)
Scrolls
 c - 2 scrolls of teleportation
 l - a scroll of identify
Potions
 h - a potion of invisibility
 i - a potion of brilliance
Comestibles
 a - 2 rations
 b - 6 chunks of flesh


   Skills:
 + Level 4.6 Fighting
 + Level 1.1 Short Blades
 + Level 1.1 Long Blades
 + Level 1.1 Axes
 + Level 1.1 Maces & Flails
 + Level 2.7 Polearms
 + Level 1.1 Staves
 + Level 1.1 Slings
 + Level 1.1 Bows
 + Level 1.1 Crossbows
 + Level 1.1 Throwing
 + Level 1.1 Armour
 + Level 4.6 Dodging
 + Level 2.5 Stealth
 + Level 2.7 Shields
 + Level 1.1 Unarmed Combat
 + Level 1.1 Spellcasting
 + Level 0.9 Conjurations
 + Level 0.9 Hexes
 + Level 0.9 Charms
 + Level 0.9 Summonings
 + Level 0.9 Necromancy
 + Level 3.8 Translocations
 + Level 2.2 Transmutations
 + Level 0.9 Fire Magic
 + Level 0.9 Ice Magic
 + Level 0.9 Air Magic
 + Level 0.9 Earth Magic
 + Level 0.9 Poison Magic
 + Level 1.2 Invocations
 + Level 1.1 Evocations


You had 5 spell levels left.
You didn't know any spells.

Dungeon Overview and Level Annotations

Branches:
Dungeon (4/15)
 Temple: D:4-7

Altars:
Vehumet

Annotations:
D:3 Infrared's ghost, amateur DrVM


Innate Abilities, Weirdness & Mutations

Your experience applies equally to all skills.
You have very sharp teeth.
Your uncanny sense of smell can sniff out nearby items.


Message History

Infrared's ghost is severely damaged.
You feel sick.
Infrared's ghost gestures at you while chanting.
The sting hits you!
You are lethally poisoned!
* * * LOW HITPOINT WARNING * * *
You hit Infrared's ghost.
Infrared's ghost convulses.
Infrared's ghost is severely damaged.
* * * LOW HITPOINT WARNING * * *
You feel sick. Infrared's ghost barely misses you.
You riposte.
You hit Infrared's ghost but do no damage.
Infrared's ghost is severely damaged.
Your magical effects are unravelling.
You feel magically purged.
You feel yourself slow down. Infrared's ghost hits you.
* * * LOW HITPOINT WARNING * * *
You hit Infrared's ghost but do no damage.
Infrared's ghost is severely damaged.
You die...

#.#.....######..>........
#.#.....### #.###.....##
#.#.......####.# .....'.
#.#...........># .....##
#.#..........<.# .......
#.#.(..###.....# .....##
#.#..[.# #.....# ##..
#.#....###.....#
####.#...#......@W#
.....#...#.####.#.......
.#######...# #.#.###...
.# #.### #.#.# . .# #...#
#.#.. .# ###.# ..... <#
#.# ?.####
.#########.###...
................#


You could see Infrared's ghost.

Vanquished Creatures
  2 adders
  An ooze (D:1)
  A worm (D:2)
  A dart slug (D:2)
  3 leopard geckos
  3 orcs
  A giant cockroach (D:1)
  9 goblins (D:1)
  6 hobgoblins
  3 jackals (D:1)
  2 ball pythons
  7 bats
  A frilled lizard (D:2)
  2 kobolds (D:1)
  12 rats
54 creatures vanquished.

Notes
Turn   | Place    | Note
-------+----------+-------------------------------------------
     0 | D:1      | wolfsongas the Gnoll Wanderer began the quest for the Orb.
     0 | D:1      | wolfsongas set off with: a ration, a scroll of teleportation, a +0 robe, a +0 club
     0 | D:1      | Reached XP level 1. HP: 20/20 MP: 1/1
   151 | D:1      | Reached XP level 2. HP: 13/26 MP: 2/2
   660 | D:1      | Reached XP level 3. HP: 29/31 MP: 3/3
  1173 | D:1      | Reached skill level 1 in Invocations
  1552 | D:2      | Reached skill level 1 in Short Blades
  1552 | D:2      | Reached skill level 1 in Long Blades
  1552 | D:2      | Reached skill level 1 in Axes
  1552 | D:2      | Reached skill level 1 in Maces & Flails
  1552 | D:2      | Reached skill level 1 in Staves
  1552 | D:2      | Reached skill level 1 in Slings
  1552 | D:2      | Reached skill level 1 in Bows
  1552 | D:2      | Reached skill level 1 in Crossbows
  1552 | D:2      | Reached skill level 1 in Throwing
  1552 | D:2      | Reached skill level 1 in Armour
  1552 | D:2      | Reached skill level 1 in Unarmed Combat
  1552 | D:2      | Reached skill level 1 in Spellcasting
  1552 | D:2      | Reached skill level 1 in Evocations
  1608 | D:2      | Reached XP level 4. HP: 38/38 MP: 5/5
  1893 | D:2      | Found a radiant altar of Vehumet.
  2000 | D:3      | Noticed Infrared's ghost (amateur DrVM)
  2210 | D:3      | Succumbed to Infrared's ghost's sting

Vault maps used:
D:1:      dpeg_arrival_ratfight
D:2:      lemuel_coloured_pillars_altar
D:3:      tso_metal_star, okawaru_trees_1
D:4:      first_ration, uniq_ijyb

Skill      XL: |  1  2  3 |
---------------+----------+-----
Transmutations | 2 |  2.2
Invocations    | 1 |  1.2
Short Blades   | 1 |  1.1
Long Blades    | 1 |  1.1
Axes           | 1 |  1.1
Maces & Flails | 1 |  1.1
Staves         | 1 |  1.1
Slings         | 1 |  1.1
Bows           | 1 |  1.1
Crossbows      | 1 |  1.1
Throwing       | 1 |  1.1
Armour         | 1 |  1.1
Unarmed Combat | 1 |  1.1
Spellcasting   | 1 |  1.1
Evocations     | 1 |  1.1
Fighting       | |  4.6
Polearms       | |  2.7
Dodging        | |  4.6
Stealth        | |  2.5
Shields        | |  2.7
Conjurations   | |  0.9
Hexes          | |  0.9
Charms         | |  0.9
Summonings     | |  0.9
Necromancy     | |  0.9
Translocations | |  3.8
Fire Magic     | |  0.9
Ice Magic      | |  0.9
Air Magic      | |  0.9
Earth Magic    | |  0.9
Poison Magic   | |  0.9

Action                   |  1- 3 |  4- 6 || total
-------------------------+-------+-------++-------
Melee: Club              |    63 |       ||    63
       Bite              |    11 |     5 ||    16
       Dagger            |    72 |    43 ||   115
       Falchion          |       |    12 ||    12
  Use: Scroll            |     1 |     6 ||     7
       Potion            |       |     2 ||     2
  Eat: Chunk             |     2 |     2 ||     4
Armor: Chain mail        |   117 |    22 ||   139
Dodge: Dodged            |    53 |    19 ||    72
       Rpst.: Falchion   |       |     2 ||     2

Table legend:
 A = Spawn XP
 B = Non-spawn XP
 C = Spawn XP percentage of total XP
 D = Spawn monster count
 E = Non-spawn monster count
 F = Spawn count percentage of total count
 G = Total turns spent on level
                    A         B        C        D         E        F      G
               +---------+---------+-------+---------+---------+-------+---------
         Total |       0 |     128 |   0.0 |       0 |      54 |   0.0 |  2210
               +---------+---------+-------+---------+---------+-------+---------
           D:1 |       0 |      60 |   0.0 |       0 |      34 |   0.0 |  1437
           D:2 |       0 |      39 |   0.0 |       0 |      13 |   0.0 |   621
           D:3 |       0 |      29 |   0.0 |       0 |       7 |   0.0 |   150
               +---------+---------+-------+---------+---------+-------+---------
